 Dungeon Crawl Stone Soup version 0.28-a0-577-gb193047a1f (webtiles) character file.

Game seed: 5443889596596174643

493 iamoutofideas the Cleaver (level 7, 0/56 HPs)
             Began as a Hill Orc Gladiator on Oct 1, 2021.
             Was an Initiate of Gozag.
             Slain by an ice beast (11 damage)
             ... on level 5 of the Dungeon.
             The game lasted 00:03:55 (4620 turns).

iamoutofideas the Cleaver (Hill Orc Gladiator)      Turns: 4620, Time: 00:03:57

Health: 0/56       AC:  6    Str: 19    XL:     7   Next: 15%
Magic:  7/7        EV: 11    Int:  8    God:    Gozag
Gold:   195        SH:  0    Dex: 12    Spells: 6/6 levels left

rFire   . . .      SeeInvis .   a - +0 war axe
rCold   . . .      Faith    .   (no shield)
rNeg    . . .      Spirit   .   j - +0 ring mail
rPois   .          Reflect  .   c - +0 helmet
rElec   .          Harm     .   (no cloak)
rCorr   .          Rampage  .   (no gloves)
Will    +....                   (no boots)
Stlth   +.........              (no amulet)
HPRegen 0.18/turn               i - ring of willpower
MPRegen 0.10/turn               (no ring)

@: no status effects
A: no striking features
a: Renounce Religion, Potion Petition, Call Merchant, Bribe Branch


You were on level 5 of the Dungeon.
You worshipped Gozag.
Gozag was aware of your devotion.
You visited 2 branches of the dungeon, and saw 7 of its levels.

You collected 223 gold pieces.
You paid 28 gold pieces to Gozag.

Inventory:

Hand Weapons
 a - a +0 war axe (weapon)
Missiles
 d - 4 throwing nets (quivered)
Armour
 b - a +0 leather armour
 c - a +0 helmet (worn)
 j - a +0 ring mail (worn)
Jewellery
 i - a ring of willpower (left hand)
Wands
 m - a wand of digging (4)
Scrolls
 e - 3 scrolls of teleportation {unknown}
 g - 3 scrolls of identify {unknown}
 h - a scroll of magic mapping {unknown}
 k - a scroll of enchant armour {unknown}
 o - a scroll of immolation {unknown}
Potions
 f - a potion of curing {unknown}
 l - a potion of brilliance
 n - 2 potions of magic {unknown}


   Skills:
 - Level 2.4 Fighting
 + Level 10.0 Axes
 - Level 1.7 Throwing
 - Level 2.0 Armour
 - Level 2.4 Dodging


You had 6 spell levels left.
You didn't know any spells.
Your spell library contained the following spells:

 Spells                   Type           Power      Damage    Failure   Level
 Ensorcelled Hibernation  Hex/Ice        0%         N/A       75%         2
 Static Discharge         Conj/Air       0%         N/A       75%         2
 Tukima's Dance           Hex            0%         N/A       92%         3
 Lightning Bolt           Conj/Air       0%         1d11      100%        5
 Maxwell's Capacitive Co  Air            0%         ∞         100%        8


Dungeon Overview and Level Annotations

Branches:
Dungeon (6/15)             Temple (1/1) D:4

Altars:
Cheibriados
Dithmenos
Elyvilon
Fedhas
Gozag
Hepliaklqana
Makhleb
Nemelex Xobeh
Okawaru
Qazlal
Ru
Trog
Uskayaw
Vehumet
Wu Jian
Yredelemnul
Zin
The Shining One


Message History

You now have 191 gold pieces (gained 7).
You now have 195 gold pieces (gained 4).
Found 4 gold pieces.
Found an escape hatch in the ceiling.
There is a stone staircase leading down here.
HP restored.
You climb downwards.
Found 17 gold pieces.
There is a stone staircase leading up here.
You climb upwards.
There is a stone staircase leading down here.
Found a stone staircase leading down.
d - 4 throwing nets (gained 1)
There are no items here.
An ice beast comes into view.
You see here a scroll labelled COHIUK PUGOSU.
You hit the ice beast but do no damage. The ice beast barely misses you.
You hit the ice beast.
The ice beast is lightly wounded.
The ice beast hits you. The ice beast freezes you!
You slash the ice beast!
The ice beast is heavily wounded.
The ice beast hits you but does no damage.
You slash the ice beast!
The ice beast is severely wounded.
The ice beast hits you but does no damage.
You hit the ice beast.
The ice beast is severely wounded.
The ice beast hits you. The ice beast freezes you!
You hit the ice beast but do no damage.
The ice beast is severely wounded.
The ice beast hits you. The ice beast freezes you!
* * * LOW HITPOINT WARNING * * *
You are too injured to fight recklessly!
You hit the ice beast but do no damage.
The ice beast is severely wounded.
The ice beast hits you.
* * * LOW HITPOINT WARNING * * *
The ice beast freezes you!
You die...
Your body crumbles into a pile of gold.

#..........###
##............#
>...........#.#
#..........# #
#..........#$###
#..........#....
##........#...#
##..<...<...#.#
#.......@Y.## #
#..........#
#.$........#
#..........#
#..........#
#.........##
#.#........
..#.####.... $


You could see an ice beast.

Vanquished Creatures
  2 phantoms (D:4)
  2 bullfrog skeletons
  2 orc wizards (D:4)
  Natasha (thrice) (D:2)
  3 adders
  3 gnolls
  An ufetubus (D:4)
  2 worms (D:2)
  A dart slug (D:3)
  10 orcs
  8 endoplasms
  7 giant cockroaches
  7 goblins
  5 hobgoblins
  8 jackals
  6 kobolds
  2 quokkas (D:3)
  3 ball pythons
  7 bats
  3 frilled lizards
  A quokka skeleton (D:4)
  6 rats
92 creatures vanquished.

Notes
Turn   | Place    | Note
-------+----------+-------------------------------------------
     0 | D:1      | iamoutofideas the Hill Orc Gladiator began the quest for
                  | the Orb.
     0 | D:1      | Reached XP level 1. HP: 18/18 MP: 1/1
   130 | D:1      | Reached XP level 2. HP: 25/25 MP: 2/2
   164 | D:1      | Reached skill level 5 in Axes
   435 | D:1      | Reached XP level 3. HP: 26/30 MP: 3/3
   856 | D:2      | Found a stormy altar of Qazlal.
  1028 | D:2      | Noticed Natasha
  1039 | D:2      | Killed Natasha
  1040 | D:2      | Reached skill level 6 in Axes
  1063 | D:2      | Noticed Natasha
  1087 | D:2      | Killed Natasha
  1088 | D:2      | Reached XP level 4. HP: 10/37 MP: 4/4
  1312 | D:2      | Noticed Natasha
  1318 | D:2      | Killed Natasha
  1319 | D:2      | Reached skill level 7 in Axes
  1378 | D:2      | Reached XP level 5. HP: 31/42 MP: 5/5
  1912 | D:3      | Found a glowing silver altar of Zin.
  1915 | D:3      | Found a bloodstained altar of Trog.
  1919 | D:3      | Found an iron altar of Okawaru.
  2042 | D:3      | Found a snail-covered altar of Cheibriados.
  2635 | D:2      | Reached skill level 1 in Armour
  3219 | D:4      | Reached skill level 8 in Axes
  3355 | D:4      | Reached XP level 6. HP: 50/50 MP: 6/6
  3554 | D:4      | Found a staircase to the Ecumenical Temple.
  3568 | Temple   | Entered the Ecumenical Temple
  3698 | Temple   | Became a worshipper of Gozag Ym Sagoz the Greedy
  3759 | D:4      | Reached skill level 9 in Axes
  4353 | D:4      | Reached XP level 7. HP: 41/56 MP: 7/7
  4545 | D:5      | Entered Level 5 of the Dungeon
  4571 | D:5      | Reached skill level 10 in Axes
  4620 | D:5      | Slain by an ice beast

Illustrated notes

Levels and vault maps discovered:
D:1:      dpeg_arrival_round_c, layout_basic, roderic_lattice_a,
          minmay_tetromino_t4
D:2:      layout_rooms, basic_altar, uniq_natasha
D:3:      layout_loops_ring, mainiacjoe_overflow_alcove_2,
          grunt_temple_overflow_open
D:4:      layout_loops_ring, minmay_temple_entry_enclosed_plants
D:5:      lemuel_ice_spiral_2, layout_rooms
D:6:      layout_rooms, led_xom_imps
Temple:   nicolae_temple_great_sept

Skill      XL: |  1  2  3  4  5  6  7 |
---------------+----------------------+-----
Axes           | 5 6 7 8 9 10 | 10.0
Armour         | 2 |  2.0
Fighting       | |  2.4
Throwing       | |  1.7
Dodging        | |  2.4

Action                   |  1- 3 |  4- 6 |  7- 9 || total
-------------------------+-------+-------+-------++-------
Melee: War axe           |    82 |   217 |    25 ||   324
  Use: Potion            |     2 |       |       ||     2
 Stab: Distracted        |       |     1 |       ||     1
Armor: Leather armour    |    27 |     7 |       ||    34
       Ring mail         |       |    62 |     8 ||    70
Dodge: Dodged            |    54 |   110 |    11 ||   175

Table legend: (Time is in decaauts)
 A = Elapsed time spent in this place.
 B = Non-inter-level travel time spent in this place.
 C = Inter-level travel time spent in this place.
 D = Time resting spent in this place.
 E = Time spent auto-exploring this place.
 F = Levels seen in this place.
 G = Mean time per level.
                   A        B        C        D        E       F      G
               +--------+--------+--------+--------+--------+-----+--------+
         Total |   4669 |   4521 |    148 |    842 |   2853 |   7 |  667.0 |
       Dungeon |   4529 |   4394 |    135 |    842 |   2738 |   6 |  754.8 |
        Temple |    140 |    127 |     13 |      0 |    115 |   1 |  140.0 |
               +--------+--------+--------+--------+--------+-----+--------+

Top non-repeatable levels by time:
     D:4: 1236 daAuts
     D:3: 1208 daAuts
     D:2: 1151 daAuts
     D:1: 864 daAuts
  Temple: 140 daAuts
     D:5: 66 daAuts
     D:6: 1 daAuts
